 Seeded DCSS version 0.30.1-9-gdf580d7c3d (webtiles) character file.

Game seed: 7547814903460644772 (custom seed)

36150 Psyclone the Thaumaturge (level 13, -1/80 HPs)
             Began as a Deep Elf Conjurer on Sept 26, 2023.
             Was a High Priest of Sif Muna.
             Slain by an elephant (14 damage)
             ... on level 3 of the Lair of Beasts.
             The game lasted 01:24:14 (18476 turns).

Psyclone the Thaumaturge (Deep Elf Conjurer)       Turns: 18476, Time: 01:24:15

Health: -1/80      AC:  8    Str:  4    XL:     13   Next: 51%
Magic:  2/30       EV: 16    Int: 35    God:    Sif Muna [*****.]
Gold:   1612       SH:  0    Dex: 13    Spells: 1/34 levels left

rFire   . . .        g - +4 dagger (venom)
rCold   . . .        (no shield)
rNeg    . . .        a - +0 steam dragon scales
rPois   .            (no helmet)
rElec   .            s - +0 cloak
rCorr   .            K - +0 pair of gloves
SInv    .            I - +0 pair of boots
Will    +....        O - amulet of faith
Stlth   ++           B - ring of wizardry
HPRegen 0.33/turn    x - +6 ring of intelligence
MPRegen 0.22/turn

%: faith, wizardry (x1)
@: no status effects
A: no striking features
a: Renounce Religion, Channel Magic, Forget Spell, Divine Exegesis


You were on level 3 of the Lair of Beasts.
You worshipped Sif Muna.
Sif Muna was extremely pleased with you.
You visited 3 branches of the dungeon, and saw 16 of its levels.
You also visited: Sewer.

You collected 1612 gold pieces.

Inventory:

Hand Weapons
 g - a +4 dagger of venom (weapon)
Missiles
 w - a throwing net {!f}
Armour
 a - +0 steam dragon scales (worn)
 s - a +0 cloak (worn)
 I - a +0 pair of boots (worn)
 K - a +0 pair of gloves (worn)
Magical Staves
 J - a staff of cold
Jewellery
 x - a +6 ring of intelligence (right hand)
 A - a ring of protection from fire
 B - a ring of wizardry (left hand)
 F - a ring of ice
 O - an amulet of faith (around neck)
 T - an amulet of regeneration
Wands
 f - a wand of paralysis (21)
 C - a wand of flame (25)
 H - a wand of digging (5)
 Q - a wand of acid (12)
 U - a wand of roots (3)
Scrolls
 c - 7 scrolls of identify {@r1}
 e - 4 scrolls of magic mapping
 j - 3 scrolls of enchant weapon {unknown}
 k - 6 scrolls of teleportation
 l - 3 scrolls of immolation {unknown}
 n - a scroll of vulnerability {unknown}
 t - 3 scrolls of amnesia {unknown}
 v - 3 scrolls of enchant armour {unknown}
 y - a scroll of silence {!r}
 E - a scroll of summoning
 N - a scroll of noise
 P - 2 scrolls of poison
 R - a scroll of blinking
 S - a scroll of fear
 V - a scroll of fog
Potions
 b - 2 potions of mutation
 d - 4 potions of haste
 h - 3 potions of might {unknown}
 i - a potion of cancellation {unknown}
 m - 4 potions of heal wounds {unknown}
 o - 3 potions of degeneration {unknown}
 p - 2 potions of brilliance {unknown}
 q - 5 potions of attraction {unknown}
 r - a potion of flight
 u - a potion of resistance
 z - 2 potions of berserk rage
 D - 2 potions of invisibility
 G - a potion of magic
 L - a potion of curing
 M - a potion of lignification


   Skills:
 + Level 9.6 Fighting
 - Level 10.0 Dodging
 - Level 2.4 Stealth
 - Level 11.1 Spellcasting
 - Level 10.1 Conjurations
 - Level 10.0 Fire Magic
 - Level 10.0 Ice Magic
 - Level 10.0 Air Magic


You had one spell level left.
You knew the following spells:

 Your Spells              Type           Power      Damage    Failure   Level
a - Magic Dart            Conj           100%       1d8       1%          1
b - Searing Ray           Conj           100%       2d8       1%          2
c - Fireball              Conj/Fire      37%        3d15      1%          5
d - Fulminant Prism       Conj/Hex       26%        3d13      1%          4
e - Inner Flame           Hex/Fire       53%        N/A       1%          3
f - Freezing Cloud        Conj/Ice/Air   37%        6-21      1%          5
g - Plasma Beam           Fire/Air       37%        2x1d55    2%          6
q - Blink                 Tloc           38%        N/A       1%          2
s - Ignite Poison         Fire/Tmut/Pois 42%        N/A       1%          3
v - Poisonous Vapours     Pois/Air       100%       N/A       1%          2

Your spell library contained the following spells:

 Spells                   Type           Power      Damage    Failure   Level
 Apportation              Tloc           38%        N/A       1%          1
 Foxfire                  Conj/Fire      100%       2x1d9     1%          1
 Necrotise                Necr           76%        1d7       1%          1
 Summon Small Mammal      Summ           76%        N/A       1%          1
 Lesser Beckoning         Tloc           38%        N/A       1%          2
 Dazzling Flash           Conj/Hex       100%       N/A       1%          3
 Mephitic Cloud           Conj/Pois/Air  61%        N/A       1%          3
 Stone Arrow              Conj/Erth      100%       3d13      1%          3
 Volatile Blastmotes      Fire/Tloc      100%       2d18      1%          3
 Iskenderun's Mystic Bla  Conj/Tloc      53%        2d11      1%          4
 Sticky Flame             Conj/Fire      74%        2d9       1%          4
 Summon Ice Beast         Ice/Summ       53%        N/A       1%          4
 Gell's Gravitas          Tloc           19%        N/A       2%          3
 Teleport Other           Tloc           19%        N/A       2%          3
 Starburst                Conj/Fire      37%        6d11      2%          6
 Animate Armour           Summ/Erth      38%        N/A       9%          4
 Manifold Assault         Tloc           19%        N/A       9%          4
 Petrify                  Tmut/Erth      19%        N/A       9%          4
 Iron Shot                Conj/Erth      26%        9d6       16%         6
 Lee's Rapid Deconstruct  Erth           9%         3d7*      24%         5
 Yara's Violent Unravell  Hex/Tmut       9%         3d6       24%         5
 Storm Form               Tmut/Air       26%        N/A       65%         7
 Ignition                 Fire           37%        3d11      65%         8
 Dispersal                Tloc           9%         N/A       77%         6
 Enfeeble                 Hex            9%         N/A       99%         7


Dungeon Overview and Level Annotations

Branches:
Dungeon (12/15) Zot: 26071  Temple (1/1) D:6 Zot: 5916    Lair (3/5) D:9 Zot: 14568
 Spider (0/4) Lair:2          Orc (0/2) D:11          Sewer (visited)
  Swamp: Lair:2-3    Shoals: Lair:2-3

Altars:
Ashenzari
Cheibriados
Dithmenos
Elyvilon
Fedhas
Gozag
Hepliaklqana
Kikubaaqudgha
Makhleb
Nemelex Xobeh
Okawaru
Qazlal
Ru
Sif Muna
Trog
Uskayaw
Vehumet
Wu Jian
Xom
Yredelemnul
Zin
The Shining One

Shops:
D:5 (

Annotations:
D:6 2 transporters, TekDriveTruck's ghost, novice TrMo
D:7 2 transporters, laqueoix's ghost, novice MfGl
D:8 3 runed translucent doors, Fractals's ghost, novice MiFi; GrumpyGrim72's ghost, novice DrCj
D:9 2 transporters, laqueoix's ghost, novice MfGl


Message History

A fulminant prism comes into view.
You now have 0/30 mp.
Your fulminant prism crackles loudly.
The elephant tramples your fulminant prism!!
Your fulminant prism explodes!
The blast of energy engulfs the elephant!!
The elephant is heavily wounded.
The blast of energy engulfs the elephant!
The elephant is moderately wounded.
You hit the elephant.
The elephant is poisoned.
The elephant is moderately wounded.
The elephant barely misses you.
The elephant trunk-slaps you but does no damage.
The elephant attacks as you move away! The elephant tramples you!
The elephant trunk-slaps you.
You take 14 damage, and have 29/80 hp.
Casting: Fulminant Prism (mildly dangerous; 1% risk of failure)
Confirm with . or Enter, or press ? or * to list all spells.
You ignite the poison in your surroundings!
The elephant seems to burn from within!!
The elephant is almost dead.
The elephant tramples you!
* * * LOW HITPOINT WARNING * * *
You stumble backwards!
You take 15 damage, and have 14/80 hp.
You now have 1/30 mp.
Casting: Ignite Poison (safe; 1% risk of failure)
Confirm with . or Enter, or press ? or * to list all spells.
Okay, then.
The elephant attacks as you move away! The elephant barely misses you. x2
The elephant attacks as you move away! The elephant completely misses you. x2
The elephant attacks as you move away! The elephant misses you.
The elephant trunk-slaps you.
* * * LOW HITPOINT WARNING * * *
You take 1 damage, and have 14/80 hp.
The elephant attacks as you move away! The elephant completely misses you.
The elephant trunk-slaps you.
* * * LOW HITPOINT WARNING * * *
You take 2 damage, and have 13/80 hp.
The elephant attacks as you move away! The elephant tramples you!
You die...

###....#........
....P....#...~~~#.
.............≈≈≈≈~
.............~~≈~~
#...!.......~≈≈≈~.
#..##....##.###≈#.
#.# #P### #......†
#.# # #.......
##@## ##......
##.Y.# ###...#
#..Y.# ####....
#..Y.# #.##...P
##...## #......#
#....P# ##..#...
#....)# ##...#..
#....## #.......
##....# #.....##


You could see 3 elephants.

Vanquished Creatures
  Harold (D:11)
  Erica (D:10)
  2 tengu warriors
  2 two-headed ogres (D:11)
  A catoblepas (Lair:3)
  Urug (D:11)
  Sonja (Lair:2)
  An ugly thing (D:11)
  A cyclops (D:11)
  2 elephants (Lair:3)
  3 black mambas
  Maurice (D:9)
  7 cane toads
  A gargoyle (D:11)
  An unseen horror (D:12)
  A kobold demonologist (D:9)
  2 rime drakes
  3 komodo dragons
  A troll (D:10)
  8 blink frogs
  2 hornets
  A tarantella (Lair:2)
  A water elemental (D:11)
  4 slime creatures (D:12)
  3 vampires
  3 shadows
  7 wyverns
  4 basilisks
  33 yaks
  A wraith (D:9)
  A steam dragon (D:6)
  3 acid dragons
  Duvessa (D:6)
  11 water moccasins
  3 orc warriors
  An ice beast (D:7)
  A sky beast (D:7)
  4 black bears
  A meliai simulacrum (D:11)
  Pargi (Sewer)
  4 ogres
  14 wolves
  7 centaurs
  A phantom (D:6)
  2 kobold brigands (D:9)
  10 bullfrogs
  2 gnoll sergeants
  4 scorpions
  7 wights
  Dowan (D:6)
  11 killer bees (D:10)
  An electric eel (D:11)
  A jelly (D:6)
  6 howler monkeys
  A sleepcap (D:5)
  Crazy Yiuf (D:3)
  2 gnoll boudas
  4 hounds
  10 orc priests
  Jessica (D:2)
  Natasha (D:3)
  9 orc wizards
  16 gnolls
  8 adders
  A river rat (D:4)
  A shadow imp (D:7)
  2 white imps
  8 worms
  2 dart slugs
  30 orcs
  4 ball pythons
  4 bats
  4 endoplasms
  2 giant cockroaches
  10 hobgoblins
  7 jackals
  2 quokkas (D:2)
  4 frilled lizards
  9 goblins
  14 kobolds
  2 rats (D:1)
357 creatures vanquished.

Vanquished Creatures (others)
  34 fulminant prisms
34 creatures vanquished.

Grand Total: 391 creatures vanquished

Notes
Turn   | Place    | Note
-------+----------+-------------------------------------------
     0 | D:1      | Psyclone the Deep Elf Conjurer began the quest for the Orb.
     0 | D:1      | Reached XP level 1. HP: 10/10 MP: 6/6
    58 | D:1      | Found a faded altar of an unknown god.
   219 | D:1      | Reached XP level 2. HP: 15/15 MP: 1/8
   756 | D:2      | Reached skill level 4 in Spellcasting
   756 | D:2      | Reached skill level 5 in Conjurations
   756 | D:2      | Reached XP level 3. HP: 19/19 MP: 4/10
   922 | D:2      | Learned a level 2 spell: Searing Ray
  1249 | D:2      | Noticed Jessica
  1252 | D:2      | Killed Jessica
  1452 | D:2      | Reached XP level 4. HP: 24/24 MP: 10/12
  1789 | D:2      | Learned a level 4 spell: Fulminant Prism
  1873 | D:3      | Reached skill level 5 in Spellcasting
  1927 | D:3      | Found a broken altar of Ashenzari.
  2241 | D:3      | Found an ornate altar of the Wu Jian Council.
  2309 | D:3      | Found a runed translucent door.
  2310 | D:3      | Noticed Crazy Yiuf
  2325 | D:3      | Killed Crazy Yiuf
  2423 | D:3      | Noticed Natasha
  2430 | D:3      | Killed Natasha
  2431 | D:3      | Reached XP level 5. HP: 28/28 MP: 11/15
  2481 | D:3      | Learned a level 2 spell: Poisonous Vapours
  2484 | D:3      | Learned a level 2 spell: Blink
  2488 | D:3      | Learned a level 3 spell: Inner Flame
  2909 | D:4      | Reached skill level 6 in Spellcasting
  3218 | D:4      | Found a glowing drain.
  3221 | D:4      | Reached XP level 6. HP: 23/32 MP: 9/17
  3227 | Sewer    | Entered a sewer
  3403 | Sewer    | Noticed Pargi
  3450 | Sewer    | Killed Pargi
  3754 | D:4      | Reached skill level 7 in Spellcasting
  3816 | D:4      | Found a basalt altar of Yredelemnul.
  3903 | D:4      | Reached XP level 7. HP: 17/36 MP: 8/20
  4232 | D:4      | Found a sparkling altar of Nemelex Xobeh.
  4299 | D:4      | Found a burning altar of Makhleb.
  4306 | D:4      | Found a glowing silver altar of Zin.
  4306 | D:4      | Noticed a balrug
  4306 | D:4      | Noticed an angel
  4438 | D:5      | Entered Level 5 of the Dungeon
  4442 | D:5      | Reached skill level 8 in Spellcasting
  4789 | D:5      | Found an ancient bone altar of Kikubaaqudgha.
  4790 | D:5      | Found a blossoming altar of Fedhas.
  4795 | D:5      | Found Roossoev's Hydra Hut.
  4795 | D:5      | Noticed a five-headed hydra
  4848 | D:5      | Found a sacrificial altar of Ru.
  4849 | D:5      | Found a white marble altar of Elyvilon.
  4849 | D:5      | Found an opulent altar of Gozag.
  4861 | D:5      | Found an iron altar of Okawaru.
  5097 | D:5      | Reached skill level 9 in Spellcasting
  5097 | D:5      | Reached XP level 8. HP: 32/41 MP: 19/23
  5476 | D:5      | Reached skill level 10 in Spellcasting
  5833 | D:5      | Reached XP level 9. HP: 56/56 MP: 25/25
  5857 | D:6      | Found a transporter.
  5861 | D:6      | Found a transporter.
  5862 | D:6      | Noticed TekDriveTruck's ghost (novice TrMo)
  5932 | D:6      | Found a staircase to the Ecumenical Temple.
  6168 | D:6      | Found a snail-covered altar of Cheibriados.
  6401 | D:6      | Found a bloodstained altar of Trog.
  6434 | D:6      | Noticed Dowan
  6655 | D:6      | Noticed Duvessa
  6684 | D:6      | Killed Duvessa
  6689 | D:6      | Killed Dowan
  6876 | D:6      | Reached skill level 10 in Conjurations
  6899 | D:6      | Reached skill level 11 in Spellcasting
  7026 | D:6      | Reached XP level 10. HP: 51/61 MP: 18/27
  7183 | D:6      | Identified a scroll of acquirement
  7216 | D:6      | Acquired a book of Fire
  7218 | D:6      | Reached XP level 11. HP: 66/66 MP: 28/28
  7225 | D:6      | Learned a level 5 spell: Fireball
  7231 | D:6      | Learned a level 5 spell: Freezing Cloud
  7238 | D:6      | Learned a level 6 spell: Plasma Beam
  7244 | D:7      | Found a transporter.
  7251 | D:7      | Found a transporter.
  7263 | D:7      | Noticed laqueoix's ghost (novice MfGl)
  7415 | D:7      | Found a hazy altar of Hepliaklqana.
  7509 | D:7      | Reached skill level 1 in Ice Magic
  8145 | Temple   | Entered the Ecumenical Temple
  8217 | Temple   | Became a worshipper of Sif Muna the Loreminder
  9272 | D:8      | Found a runed translucent gate.
  9273 | D:8      | Found a runed translucent gate.
  9328 | D:8      | Found a runed translucent gate.
  9329 | D:8      | Noticed GrumpyGrim72's ghost (novice DrCj)
  9329 | D:8      | Noticed Fractals's ghost (novice MiFi)
 10288 | D:9      | Reached * piety under Sif Muna
 10604 | D:9      | Noticed Maurice
 10608 | D:9      | Reached skill level 5 in Ice Magic
 10624 | D:9      | Killed Maurice
 10898 | D:9      | Found a transporter.
 10907 | D:9      | Found a transporter.
 10908 | D:9      | Noticed a deep troll
 10909 | D:9      | Noticed laqueoix's ghost (novice MfGl)
 10910 | D:9      | Noticed a two-headed ogre
 10911 | D:9      | Found a bloodstained altar of Trog.
 10938 | D:9      | Noticed a two-headed ogre
 10973 | D:9      | Found a staircase to the Lair.
 11161 | D:10     | Entered Level 10 of the Dungeon
 11408 | D:10     | Reached ** piety under Sif Muna
 11722 | D:10     | Reached XP level 12. HP: 61/72 MP: 23/29
 12049 | D:11     | Noticed Erica
 12074 | D:11     | Noticed a tengu warrior
 12076 | D:11     | Noticed a tengu warrior
 12079 | D:10     | Killed Erica
 12082 | D:10     | Killed a tengu warrior
 12218 | D:11     | Noticed a two-headed ogre
 12220 | D:11     | Killed a tengu warrior
 12221 | D:11     | Killed a two-headed ogre
 12491 | D:11     | Found a staircase to the Orcish Mines.
 12723 | D:11     | Noticed Harold
 12732 | D:11     | Killed Harold
 12845 | D:11     | Noticed a two-headed ogre
 12859 | D:11     | Reached *** piety under Sif Muna
 12862 | D:11     | Killed a two-headed ogre
 13085 | D:11     | Noticed Urug
 13090 | D:11     | Killed Urug
 14087 | D:11     | Learned a level 3 spell: Ignite Poison
 15051 | Lair:1   | Entered Level 1 of the Lair of Beasts
 15060 | Lair:1   | Reached skill level 10 in Fire Magic
 15060 | Lair:1   | Reached skill level 10 in Ice Magic
 15266 | Lair:1   | Reached skill level 10 in Air Magic
 15826 | Lair:1   | Reached **** piety under Sif Muna
 16415 | Lair:1   | Reached XP level 13. HP: 32/76 MP: 24/30
 17101 | Lair:2   | Noticed Sonja
 17110 | Lair:2   | Killed Sonja
 17177 | Lair:2   | Found a hole to the Spider Nest.
 17656 | Lair:2   | Reached skill level 10 in Dodging
 17837 | Lair:2   | You fall into a shaft and drop 1 floor!
 18023 | Lair:3   | Reached ***** piety under Sif Muna
 18023 | Lair:3   | Received a gift from Sif Muna
 18028 | Lair:3   | Got Sif Muna's Verses on the Massed Mountains {god gift}
 18282 | Lair:3   | Acquired 604 gold pieces
 18476 | Lair:3   | Slain by an elephant

Illustrated notes

Levels and vault maps discovered:
D:1:      lordsloth_arrival_two_stooges, layout_basic,
          chequers_ecumenical_altar_simple
D:2:      layout_loops_ring, uniq_jessica
D:3:      layout_loops_cross, ashenzari_conservatory_becter,
          nzn_wu_jian_council_hall, chequers_serial_rivers_room_a,
          grunt_decor_cap, hangedman_abyss_or_decor_lesser_grid,
          hangedman_decor_peaks_small, minmay_gold_behind_fungi, uniq_natasha,
          uniq_crazy_yiuf_cottage
D:4:      layout_loops_ring, grunt_temple_overflow_order_and_chaos_2,
          yredelemnul_altar_generic, nemelex_dance_club_becter,
          gup_sewer_entry_bubbles
D:5:      layout_loops_ring, grunt_temple_overflow_growth_and_decay,
          nicolae_overflow_quartered_altars, doesnt_shop_hydraphobe
D:6:      layout_gridville, mainiacjoe_overflow_boulevard, slow_altar_1,
          minmay_temple_entry_glass, gammafunk_ghost_hive, uniq_duvessa
D:7:      layout_cave_pools, mainiacjoe_overflow_catwalk, nzn_ghost_randoct
D:8:      layout_cave_pods, gammafunk_ghost_cemetery
D:9:      layout_rooms, minmay_lair_entry_grove,
          gammafunk_ghost_wrathful_warriors, st_stairs_5,
          minmay_splitting_lines, hangedman_decor_opposing, uniq_maurice
D:10:     layout_roguey, serial_park_tiny_pond
D:11:     kennysheep_six_static_rooms, layout_loops_corners,
          minmay_orc_entry_temple_small, water_maze_lemuel, uniq_erica,
          uniq_urug, uniq_harold
D:12:     layout_cave_pods
Temple:   nicolae_temple_great_sept
Lair:1:   layout_cave_pods, grunt_megastairs_5, serial_bayou_shore_b
Lair:2:   layout_big_grid, spider_nest_entry_rubble, uniq_sonja
Lair:3:   layout_gridlike, minmay_shoals_entry_lonely_mermaid

Skill      XL: |  1  2  3  4  5  6  7  8  9 10 11 12 13 |
---------------+----------------------------------------+-----
Spellcasting   | 4 5 6 7 9 10 11 | 11.1
Conjurations   | 5 6 7 8 9 10 | 10.1
Fighting       | 6 7 9 |  9.6
Dodging        | 7 8 10 | 10.0
Fire Magic     | 6 9 10 | 10.0
Air Magic      | 8 9 10 | 10.0
Ice Magic      | 6 10 | 10.0
Stealth        | |  2.4

Action                     |  1- 3 |  4- 6 |  7- 9 | 10-12 | 13-15 || total
---------------------------+-------+-------+-------+-------+-------++-------
  Melee: Dagger            |       |    26 |     6 |   138 |    34 ||   204
         Punch             |       |       |       |     4 |     1 ||     5
   Cast: Magic Dart        |    58 |    68 |    45 |    76 |       ||   247
         Searing Ray       |     1 |    16 |    31 |    52 |     6 ||   106
         Fulminant Prism   |       |     8 |    15 |     8 |     3 ||    34
         Poisonous Vapours |       |     8 |    25 |    26 |    23 ||    82
         Blink             |       |     2 |     2 |       |     2 ||     6
         Inner Flame       |       |       |     3 |       |       ||     3
         Fireball          |       |       |       |    29 |    19 ||    48
         Freezing Cloud    |       |       |       |    19 |     2 ||    21
         Plasma Beam       |       |       |       |    24 |     2 ||    26
         Ignite Poison     |       |       |       |     7 |    19 ||    26
    Use: Potion            |       |     1 |     1 |     2 |     2 ||     6
         Scroll            |       |     1 |       |    10 |     5 ||    16
   Stab: Sleeping          |       |     2 |     4 |     1 |     1 ||     8
         Distracted        |       |       |       |     1 |       ||     1
 Armour: Robe              |       |    10 |     4 |       |       ||    14
         Steam dragon scal |       |       |       |    70 |    34 ||   104
  Dodge: Dodged            |     4 |    23 |    31 |   230 |    81 ||   369
